 Dungeon Crawl Stone Soup version 0.22-a0-429-g97ce8ef (webtiles) character file.

164 Jynxie the Skirmisher (level 5, -3/43 HPs)
             Began as a Formicid Abyssal Knight on May 25, 2018.
             Was a Believer of Lugonu.
             Killed by divine providence
             ... invoked by an orc priest
              (10 damage)
             ... on level 3 of the Dungeon.
             The game lasted 00:11:10 (3641 turns).

Jynxie the Skirmisher (Formicid Abyssal Knight)     Turns: 3641, Time: 00:11:10

Health: -3/43      AC:  5    Str: 17    XL:     5   Next: 73%
Magic:  6/6        EV:  8    Int: 11    God:    Lugonu [**....]
Gold:   164        SH:  8    Dex: 11    Spells: 4/4 levels left

rFire    . . .     SeeInvis +   a - +1 falchion
rCold    + . .     Gourm    .   l - +0 shield
rNeg     . . .     Faith    .   m - +0 ring mail (curse)
rPois    .         Spirit   .   (helmet unavailable)
rElec    .         Reflect  .   (no cloak)
rCorr    .         Harm     .   (no gloves)
MR       .....                  (no boots)
Stlth    ..........             (no amulet)
HPRegen  0.14/turn              d - ring of protection from cold
MPRegen  0.10/turn              i - ring of loudness (curse)

@: no status effects
A: permanent stasis, dig shafts and tunnels, four strong arms, antennae 3
a: Dig, Shaft Self, Depart the Abyss, Bend Space, Renounce Religion


You were on level 3 of the Dungeon.
You worshipped Lugonu.
Lugonu was pleased with you.
You were hungry.

You visited 1 branch of the dungeon, and saw 3 of its levels.
You visited the Abyss 1 time.

You collected 164 gold pieces.

Inventory:

Hand Weapons
 a - a +1 falchion (weapon)
Missiles
 n - a throwing net (quivered) {!f}
Armour
 b - a +0 leather armour
 l - a +0 shield (worn)
   (You found it on level 2 of the Dungeon)
 m - a cursed +0 ring mail (worn)
   (You found it on level 2 of the Dungeon)
Jewellery
 d - a ring of protection from cold (left hand)
   (You found it on level 2 of the Dungeon)
 i - a cursed ring of loudness (right hand)
   (You found it on level 2 of the Dungeon)
Scrolls
 f - a scroll of remove curse {unknown}
 h - a scroll of fear {unknown}
 j - 3 scrolls of magic mapping {unknown}
 k - 3 scrolls of identify {unknown}
Potions
 c - a potion of lignification {unknown}
 g - a potion of resistance {unknown}
 p - a potion of mutation {unknown}
Comestibles
 e - 6 rations {!d}
 o - 2 chunks of flesh


   Skills:
 + Level 4.4 Fighting
 * Level 4.3 Long Blades
 - Level 2.1 Armour
 - Level 0.8 Dodging
 + Level 1.8 Shields
 - Level 2.1 Invocations


You had 4 spell levels left.
You didn't know any spells.
Your spell library was empty.

Dungeon Overview and Level Annotations

Branches:
Dungeon (3/15)

Altars:


Innate Abilities, Weirdness & Mutations

You cannot be hasted, slowed, berserked, paralysed or teleported.
You can dig through walls and to a lower floor.
Your four strong arms can wield two-handed weapons with a shield.
You have a pair of large antennae on your head. (SInv)


Message History

Beogh smites you!
You hit the orc priest. The orc priest closely misses you.
You riposte.
You hit the orc priest but do no damage.
You closely miss the orc priest. You block the orc priest's attack.
The orc priest barely misses you.
Your shield and ring mail prevent you from hitting the orc priest.
The orc priest barely misses you.
You hit the orc priest but do no damage.
The orc priest hits you but does no damage.
You hit the orc priest but do no damage.
The orc priest calls down the wrath of Beogh upon you.
Pain shoots through your body!
* * * LOW HITPOINT WARNING * * *
You closely miss the orc priest. You block the orc priest's attack.
You hit the orc priest but do no damage.
You are feeling hungry.
The orc priest invokes the aid of Beogh against you.
Beogh smites you!
* * * LOW HITPOINT WARNING * * *
You block the orc priest's attack.
You hit the orc priest but do no damage.
You block the orc priest's attack.
You hit the orc priest.
The orc priest looks encouraged for a moment.
You hit the orc priest. The orc priest hits you.
* * * LOW HITPOINT WARNING * * *
You hit the orc priest but do no damage.
The orc priest hits you but does no damage.
You barely miss the orc priest. The orc priest barely misses you.
You hit the orc priest. You block the orc priest's attack.
You closely miss the orc priest.
The orc priest hits you but does no damage.
You hit the orc priest but do no damage.
The orc priest hits you but does no damage. x2
You hit the orc priest.
The orc priest hits you but does no damage.
You hit the orc priest but do no damage.
You block the orc priest's attack.
You barely miss the orc priest. You block the orc priest's attack.
You hit the orc priest but do no damage.
The orc priest closely misses you.
You hit the orc priest but do no damage.
The orc priest calls down the wrath of Beogh upon you.
Pain shoots through your body!
* * * LOW HITPOINT WARNING * * *
You hit the orc priest but do no damage.
The orc priest miscasts a cantrip.
The orc priest invokes the aid of Beogh against you.
Beogh smites you!
You die...

......# {..+ {
......# #.# '######
#.# .# #.# .# #.#
.########## #.#
..........# #.#
#########.#######o#
#.......@.#
###########


You could see an orc priest.

Vanquished Creatures
  A worker ant zombie (D:3)
  3 gnolls (D:3)
  6 adders
  3 worms (D:2)
  2 dart slugs
  A leopard gecko (D:2)
  6 orcs (D:3)
  4 bats
  A giant cockroach (D:1)
  4 hobgoblins
  4 jackals (D:2)
  A quokka (D:3)
  2 frilled lizards
  3 goblins
  6 kobolds
  A leopard gecko zombie (D:2)
  9 rats
57 creatures vanquished.

Notes
Turn   | Place    | Note
-------+----------+-------------------------------------------
     0 | Abyss:1  | Jynxie the Formicid Abyssal Knight began the quest for the Orb.
     0 | Abyss:1  | Reached XP level 1. HP: 18/18 MP: 2/2
    40 | Abyss:1  | Noticed an eye of draining
    41 | D:1      | Escaped the Abyss
   337 | D:1      | Reached XP level 2. HP: 23/24 MP: 3/3
   352 | D:1      | Reached * piety under Lugonu
  1062 | D:2      | Reached XP level 3. HP: 26/30 MP: 4/4
  2100 | D:2      | Reached XP level 4. HP: 27/37 MP: 5/5
  2754 | D:3      | Reached skill level 1 in Shields
  2866 | D:3      | Reached ** piety under Lugonu
  2866 | D:3      | Reached XP level 5. HP: 42/42 MP: 6/6
  3641 | D:3      | Killed from afar by an orc priest

Vault maps used:
D:1:      giann_horns, minmay_split_cup_small
D:2:      serial_forest, infiniplex_forest_fountain,
          infiniplex_forest_clump_cross, infiniplex_forest_clump_medium,
          infiniplex_forest_lined_3, infiniplex_forest_lined_2,
          infiniplex_forest_lined_2, infiniplex_forest_clump_small,
          infiniplex_forest_clump_tiny, grunt_decor_mini_mirrors
D:3:      grunt_ministairs_5, uniq_robin, uniq_sigmund

Skill      XL: |  1  2  3  4  5 |
---------------+----------------+-----
Long Blades    | 3 4 |  4.3
Fighting       | 4 |  4.4
Shields        | 1 |  1.8
Armour         | |  2.1
Dodging        | |  0.8
Invocations    | |  2.1

Action                   |  1- 3 |  4- 6 || total
-------------------------+-------+-------++-------
Melee: Falchion          |   102 |   146 ||   248
Invok: Depart the Abyss  |     1 |       ||     1
  Eat: Chunk             |     3 |     2 ||     5
       Ration            |       |     1 ||     1
Armor: Leather armour    |    23 |       ||    23
       Ring mail         |       |    39 ||    39
Dodge: Dodged            |    48 |    44 ||    92
Block: Shield            |       |    51 ||    51
       Rpst.: Falchion   |    14 |    15 ||    29

Table legend:
 A = Spawn XP
 B = Non-spawn XP
 C = Spawn XP percentage of total XP
 D = Spawn monster count
 E = Non-spawn monster count
 F = Spawn count percentage of total count
 G = Total turns spent on level
                    A         B        C        D         E        F      G
               +---------+---------+-------+---------+---------+-------+---------
         Total |       0 |     235 |   0.0 |       0 |      57 |   0.0 |  3641
               +---------+---------+-------+---------+---------+-------+---------
           D:1 |       0 |      20 |   0.0 |       0 |      13 |   0.0 |  1117
           D:2 |       0 |      53 |   0.0 |       0 |      19 |   0.0 |  1230
           D:3 |       0 |     162 |   0.0 |       0 |      25 |   0.0 |  1253
               +---------+---------+-------+---------+---------+-------+---------
